 Dungeon Crawl Stone Soup version 0.32-a0-630-g46d191b0ed (webtiles) character file.

Game seed: 15729575163882114243

1263 DeathSocks the Cleaver (level 8, 0/74 HPs)
             Began as a Minotaur Monk on Mar 6, 2024.
             Was a Priest of Beogh.
             Slain by Bogfrid the orc apostle
             ... wielding the +6 long sword of Gogugan {protect, Str+3 Int+8}
              (6 damage)
             ... on level 6 of the Dungeon.
             The game lasted 00:12:30 (4369 turns).

DeathSocks the Cleaver (Minotaur Monk)              Turns: 4369, Time: 00:12:30

Health: 0/74       AC:  8    Str: 25    XL:     8   Next: 27%
Magic:  9/9        EV:  9    Int:  7    God:    Beogh [***...]
Gold:   310        SH:  0    Dex: 12    Spells: 7/7 levels left

rFire   . . .        b - +5 flail (drain)
rCold   . . .        d - orb {light}
rNeg    . . .        c - +0 chain mail
rPois   .            (helmet restricted)
rElec   .            (no cloak)
rCorr   +            (no gloves)
SInv    .            (no boots)
Will    .....        (no amulet) Stlth
                     A - +6 ring of strength
HPRegen 0.32/turn    n - ring of resist corrosion
MPRegen 0.11/turn

%: no passive effects
@: mighty, glowing
A: horns 2, retaliatory headbutt
a: Renounce Religion, Smiting


You were on level 6 of the Dungeon.
You worshipped Beogh.
Beogh was most pleased with you.
You visited 1 branch of the dungeon, and saw 6 of its levels.

You collected 310 gold pieces.

Inventory:

Hand Weapons
 a - a +0 hand axe
 b - a +5 flail of draining (weapon)
 o - a +0 flail
Missiles
 q - 8 boomerangs
Armour
 c - a +0 chain mail (worn)
 d - an orb of light (worn)
 f - a +0 kite shield
Jewellery
 n - a ring of resist corrosion (right hand)
 A - a +6 ring of strength (left hand)
Wands
 s - a wand of polymorph (11)
 y - a wand of charming (11)
 B - a wand of light (5)
Scrolls
 e - 2 scrolls of immolation {unknown}
 g - 3 scrolls of fog {unknown}
 h - 3 scrolls of enchant armour {unknown}
 i - 4 scrolls of identify {unknown}
 k - 2 scrolls of teleportation {unknown}
 u - a scroll of vulnerability {unknown}
 D - a scroll of torment {unknown}
Potions
 j - a potion of might
 l - a potion of enlightenment {unknown}
 m - 3 potions of curing {unknown}
 p - a potion of lignification {unknown}
 r - a potion of mutation {unknown}
 t - a potion of haste {unknown}
 w - a potion of attraction
 x - a potion of magic {unknown}
 z - a potion of heal wounds {unknown}
 C - a potion of cancellation {unknown}


   Skills:
 + Level 7.8 Fighting
 + Level 9.4 Axes
 - Level 3.2 Dodging
 + Level 3.4 Invocations


You had 7 spell levels left.
You didn't know any spells.
Your spell library contained the following spells:

 Spells                   Type           Power      Damage    Failure   Level
 Ensorcelled Hibernation  Hex/Ice        0%         N/A       99%         2
 Lesser Beckoning         Tloc           0%         N/A       99%         2
 Fugue of the Fallen      Necr           0%         N/A       100%        3
 Gell's Gravitas          Tloc           0%         N/A       100%        3
 Teleport Other           Tloc           0%         N/A       100%        3
 Anguish                  Hex/Necr       0%         N/A       100%        4
 Summon Blazeheart Golem  Fire/Summ      0%         N/A       100%        4
 Orb of Destruction       Conj           0%         9d5       100%        7
 Spellforged Servitor     Conj/Summ      0%         N/A       100%        7


Dungeon Overview and Level Annotations

Branches:
Dungeon (6/15)
 Temple: D:4-7

Altars:
Wu Jian
Yredelemnul
Beogh


Innate Abilities, Weirdness & Mutations

Your facial features look somewhat orcish.
You have a pair of horns on your head.
You reflexively headbutt those who attack you in melee.


Message History

Bogfrid completely misses you.
Items here: $ )) [ †.
You barely miss Bogfrid.
Bogfrid is lightly wounded.
Bogfrid misses you.
You thump Bogfrid! You headbutt Bogfrid, but do no damage.
Bogfrid is lightly wounded.
Bogfrid hits you with the +6 long sword of Gogugan!
You hit Bogfrid but do no damage. You headbutt Bogfrid.
Bogfrid is moderately wounded.
Bogfrid hits you with the +6 long sword of Gogugan!
You hit Bogfrid but do no damage.
Bogfrid is moderately wounded.
Bogfrid barely misses you.
You strike Bogfrid from behind! You hit Bogfrid.
Bogfrid is moderately wounded.
Bogfrid looks more healthy.
Bogfrid closely misses you.
You sock Bogfrid! You drain Bogfrid.
Bogfrid is heavily wounded.
Bogfrid hits you with the +6 long sword of Gogugan!
* * * LOW HITPOINT WARNING * * *
You barely miss Bogfrid.
Bogfrid is heavily wounded.
Bogfrid hits you with the +6 long sword of Gogugan!
* * * LOW HITPOINT WARNING * * *
You catch Bogfrid completely off-guard!
You hit Bogfrid. You drain Bogfrid.
Bogfrid is heavily wounded.
Bogfrid barely misses you.
It was a potion of might.
You feel very mighty all of a sudden. Bogfrid closely misses you.
You hit Bogfrid. You headbutt Bogfrid, but do no damage.
Bogfrid is heavily wounded.
Bogfrid hits you with the +6 long sword of Gogugan.
* * * LOW HITPOINT WARNING * * *
You thump Bogfrid! You headbutt Bogfrid!
Bogfrid is severely wounded.
Bogfrid hits you with the +6 long sword of Gogugan.
You die...
Beogh appreciates Bogfrid's killing of a heretic priest.

.........#<..##...#
#+##.....#...###### .
#.....#........# .)
#.....#........# ...
#.....#........# ....
#.....###'##...# .....
#..........#####......
#...........).........
...........@).......
..........>.o.......
....................
....................
.........#####......
........# (.....
.....!. .(.(.. ....
....


You could see Bogfrid the orc apostle (blind, unable to see you, very drained,
divinely empowered).

Vanquished Creatures
  Edmund (D:5)
  A sky beast (D:6)
  An ogre (D:5)
  A centaur (D:5)
  A phantom (D:6)
  3 scorpions
  A jelly (D:5)
  A gnoll bouda (D:6)
  3 iguanas
  4 orc priests
  2 hounds
  Ijyb (D:5)
  3 orc wizards
  Robin (D:2)
  9 adders
  4 gnolls (D:6)
  A shadow imp (D:5)
  A white imp (D:6)
  A dart slug (D:1)
  A ribbon worm (D:3)
  11 orcs
  6 ball pythons
  5 endoplasms
  2 giant cockroaches (D:2)
  14 goblins
  10 hobgoblins
  4 jackals (D:4)
  8 kobolds
  2 quokkas
  A bat (D:1)
  A frilled lizard (D:1)
  4 rats
109 creatures vanquished.

Notes
Turn   | Place    | Note
-------+----------+-------------------------------------------
     0 | D:1      | DeathSocks the Minotaur Monk began the quest for the Orb.
     0 | D:1      | Reached XP level 1. HP: 19/19 MP: 0/0
   111 | D:2      | Noticed Robin
   114 | D:2      | Reached skill level 4 in Axes
   119 | D:1      | Reached XP level 2. HP: 3/27 MP: 1/1
   282 | D:1      | Found a faded altar of an unknown god.
   655 | D:2      | Reached XP level 3. HP: 31/33 MP: 2/2
   788 | D:2      | Reached skill level 5 in Axes
   821 | D:3      | Reached XP level 4. HP: 12/41 MP: 3/3
  1058 | D:2      | Killed Robin
  1602 | D:3      | Reached skill level 6 in Axes
  1607 | D:3      | Reached skill level 5 in Fighting
  1607 | D:3      | Reached XP level 5. HP: 31/48 MP: 4/4
  1906 | D:3      | Found an ornate altar of the Wu Jian Council.
  2052 | D:3      | Became a worshipper of Beogh the Shepherd
  2052 | D:3      | Reached * piety under Beogh
  2052 | D:3      | Reached ** piety under Beogh
  2194 | D:3      | Found a roughly hewn altar of Beogh.
  2442 | D:5      | Entered Level 5 of the Dungeon
  2599 | D:4      | Reached skill level 7 in Axes
  2599 | D:4      | Reached XP level 6. HP: 53/56 MP: 5/5
  3208 | D:5      | Found a basalt altar of Yredelemnul.
  3241 | D:5      | Noticed Edmund
  3255 | D:5      | Killed Edmund
  3256 | D:5      | Reached skill level 8 in Axes
  3256 | D:5      | Reached XP level 7. HP: 44/64 MP: 6/6
  3365 | D:5      | Reached skill level 1 in Invocations
  3617 | D:5      | Noticed Ijyb
  3620 | D:5      | Killed Ijyb
  3643 | D:6      | Reached skill level 9 in Axes
  3720 | D:5      | Reached XP level 8. HP: 73/73 MP: 7/9
  4342 | D:6      | Reached *** piety under Beogh
  4352 | D:6      | Identified the +6 long sword of Gogugan {protect, Str+3
                  | Int+8}
  4352 | D:6      | Noticed Bogfrid
  4369 | D:6      | Slain by Bogfrid the orc apostle

Illustrated notes

Levels and vault maps discovered:
D:1:      tarquinn_simple_flora_water_b, layout_basic, basic_ecumenical_altar,
          kennysheep_pointless_box
D:2:      layout_basic, uniq_robin
D:3:      layout_loops_ring, pdpol_wu_jian_five_deadly_venoms,
          roderic_roman_lattice, kennysheep_orc_chapel
D:4:      layout_basic, minmay_statues_item
D:5:      layout_cave_pools, mainiacjoe_overflow_chevrons, serial_bayou,
          serial_bayou_lagoon_a, serial_bayou_pond_e, serial_bayou_lake_a,
          serial_bayou_lagoon_b, serial_bayou_pond_e, serial_bayou_ford_a,
          minmay_increasing_density, uniq_ijyb, uniq_edmund
D:6:      layout_gridville, chequers_serial_rivers_large_a

Skill      XL: |  1  2  3  4  5  6  7  8 |
---------------+-------------------------+-----
Axes           | 4 5 6 7 8 9 |  9.4
Fighting       | 4 5 6 7 |  7.8
Invocations    | 2 3 |  3.4
Dodging        | |  3.2

Action                     |  1- 3 |  4- 6 |  7- 9 || total
---------------------------+-------+-------+-------++-------
  Melee: Hand axe          |    58 |   110 |       ||   168
         Headbutt          |     9 |    26 |    16 ||    51
         Flail             |       |       |    63 ||    63
  Throw: Throwing net      |       |     1 |       ||     1
         Dart              |       |       |     7 ||     7
 Invoke: Convert to Beogh  |       |     1 |       ||     1
  Evoke: Wand              |       |       |     1 ||     1
    Use: Potion            |     2 |       |     1 ||     3
   Stab: Distracted        |       |     1 |       ||     1
         Held in net/web   |       |     1 |       ||     1
         Invisible         |       |       |     2 ||     2
 Armour: Robe              |     8 |       |       ||     8
         Chain mail        |    38 |    74 |    70 ||   182
  Dodge: Dodged            |    34 |    48 |    41 ||   123

Table legend: (Time is in decaauts)
 A = Elapsed time spent in this place.
 B = Non-inter-level travel time spent in this place.
 C = Inter-level travel time spent in this place.
 D = Time resting spent in this place.
 E = Time spent auto-exploring this place.
 F = Levels seen in this place.
 G = Mean time per level.
                   A        B        C        D        E       F      G
               +--------+--------+--------+--------+--------+-----+--------+
         Total |   4434 |   4269 |    165 |     21 |   3325 |   6 |  739.0 |
       Dungeon |   4434 |   4269 |    165 |     21 |   3325 |   6 |  739.0 |
               +--------+--------+--------+--------+--------+-----+--------+

Top non-repeatable levels by time:
     D:5: 1100 daAuts
     D:3: 1049 daAuts
     D:2: 715 daAuts
     D:4: 633 daAuts
     D:1: 632 daAuts
     D:6: 304 daAuts
